 Dungeon Crawl Stone Soup version 0.24.0-10-g970556be89 (webtiles) character file.

Game seed: 9677112942653728588, levelgen mode: deterministic

29 Monsterracer the Sneak (level 3, -11/16 HPs)
             Began as a Spriggan Enchanter on Nov 3, 2019.
             Mangled by an iguana (14 damage)
             ... on level 4 of the Dungeon.
             The game lasted 00:01:57 (1329 turns).

Monsterracer the Sneak (Spriggan Enchanter)         Turns: 1329, Time: 00:01:57

Health: -11/16     AC:  3    Str:  5    XL:     3   Next: 1%
Magic:  2/8        EV: 18    Int: 16    God:
Gold:   45         SH:  0    Dex: 16    Spells: 5/8 levels left

rFire    . . .     SeeInvis +   a - +1 dagger
rCold    . . .     Gourm    .   (shield restricted)
rNeg     . . .     Faith    .   b - +1 robe
rPois    .         Spirit   .   (helmet restricted)
rElec    .         Reflect  .   (no cloak)
rCorr    .         Harm     .   (gloves unavailable)
MR       .....                  (boots unavailable)
Stlth    ++++......             (no amulet)
HPRegen  0.05/turn              g - ring of stealth
MPRegen  0.11/turn              (no ring)

@: very quick
A: very small, unfitting armour, see invisible, herbivore, speed 3, slow
metabolism 2
a: no special abilities


You were on level 4 of the Dungeon.
You were not hungry.

You visited 1 branch of the dungeon, and saw 3 of its levels.

You collected 45 gold pieces.

Inventory:

Hand Weapons
 a - a +1 dagger (weapon)
Armour
 b - a +1 robe (worn)
Jewellery
 g - a ring of stealth (left hand)
   (You found it on level 1 of the Dungeon)
Scrolls
 r - a scroll of remove curse
Potions
 d - a potion of heal wounds
 e - a potion of invisibility
 f - a potion of ambrosia {unknown}
 z - a potion of brilliance
Comestibles
 c - 2 rations


   Skills:
 * Level 2.0 Short Blades
 - Level 3.0 Dodging
 + Level 4.9 Stealth
 * Level 3.3 Spellcasting
 + Level 3.9 Hexes


You had 5 spell levels left.
You knew the following spells:

 Your Spells              Type           Power        Failure   Level  Hunger
b - Ensorcelled Hibernat  Hex/Ice        #.....       12%         2    ##.....
j - Corona                Hex            ###....      3%          1    None

Your spell library contained the following spells:

 Spells                   Type           Power        Failure   Level  Hunger
 Confuse                  Hex            ###.....     11%         3    ###....
 Tukima's Dance           Hex            ###.....     11%         3    ###....
 Dazzling Spray           Conj/Hex       #.....       24%         3    ###....


Dungeon Overview and Level Annotations

Branches:
Dungeon (2/15)

Altars:


Innate Abilities, Weirdness & Mutations

You are very small and have problems with some larger weapons.
You are too small for most types of armour.
You have supernaturally acute eyesight. (SInv)
You are a herbivore.
You cover ground extremely quickly.
You need to consume almost no food.


Message History

You open the door.
There is an open door here.
You now have 45 gold pieces (gained 7).
You see here a hunting sling.
A hobgoblin comes into view. It is wielding a +0 club.
A hobgoblin is nearby!
A hobgoblin is nearby!
Found a scroll labeled LESOBE HESOFRI.
The helpless hobgoblin fails to defend itself.
You impale the hobgoblin!!
You kill the hobgoblin!
You have reached level 3!
Your experience leads to an increase in your attributes!
Increase (S)trength, (I)ntelligence, or (D)exterity?
You feel stronger.
Things that are here:
a +0 club; a hobgoblin corpse
d - 5 scrolls labeled LESOBE HESOFRI (gained 1)
j - a sapphire potion Partly explored, can't reach some places.
Partly explored, can't reach some places.
Okay, then.
(D) Dungeon
Where to? (? - help)
You see here a leather armour.
There is a stone staircase leading down here.
You climb downwards.
Found a scroll labeled GIJINU YQUHEA.
There is a stone staircase leading up here.
Okay, then.
Found 25 stones and a leather armour.
Found a stone staircase leading down.
k - a scroll labeled GIJINU YQUHEA
Found a helmet.
l - a scroll labeled ONIAKL POSYO You see here a helmet.
You fall into a shaft and drop 2 floors!
The shaft crumbles and collapses.
Found a leather armour.
As you read the scroll labeled LESOBE HESOFRI, it crumbles to dust.
It is a scroll of identify.
e - a potion of heal wounds;
d - a potion of heal wounds
e - 5 scrolls of identify
As you read the scroll of identify, it crumbles to dust.
f - a potion of invisibility Adjust (i)tems, (s)pells, or (a)bilities?
Adjust which item? (? for menu, Esc to quit)
e - 3 scrolls of identify Adjust to which letter? (? for menu, Esc to quit)
f - 3 scrolls of identify;
e - a potion of invisibility
As you read the scroll of identify, it crumbles to dust.
j - a potion of brilliance;
z - a potion of brilliance
As you read the scroll of identify, it crumbles to dust.
h - a scroll of random uselessness
As you read the scroll of identify, it crumbles to dust.
i - a scroll of remove curse;
r - a scroll of remove curse Drop what? 11/52 slots (_ for help) (? for menu, Esc to quit)
You drop a scroll of random uselessness.
As you read the scroll labeled GIJINU YQUHEA, it crumbles to dust.
It is a scroll of enchant armour.
Your +0 robe glows green for a moment.
As you read the scroll labeled ONIAKL POSYO, it crumbles to dust.
You feel aware of your surroundings.
It was a scroll of magic mapping.
Found a ruby potion.
An iguana and a skeleton come into view.
Found 6 gold pieces.
Found 17 stones.
The iguana hisses angrily.
You hit the jackal skeleton.
The jackal skeleton is heavily damaged.
The jackal skeleton closely misses you.
You hit the jackal skeleton.
The jackal skeleton is almost destroyed.
The jackal skeleton bites you but does no damage.
You hit the jackal skeleton.
You destroy the jackal skeleton!
You see here a ruby potion.
f - a ruby potion
Casting: Corona (safe; 3% risk of failure)
Confirm with . or Enter, or press ? or * to list all spells.
Aiming: Ensorcelled Hibernation (safe; 12% risk of failure)
Press: ? - help, Shift-Dir - straight line, f - iguana
Aim: an iguana (chance to defeat MR: 49%)
The iguana resists with some effort.
The iguana closely misses you.
Casting: Ensorcelled Hibernation (safe; 12% risk of failure)
Confirm with . or Enter, or press ? or * to list all spells.
Aiming: Ensorcelled Hibernation (safe; 12% risk of failure)
Press: ? - help, Shift-Dir - straight line, f/p - iguana
Aim: an iguana (chance to defeat MR: 49%)
The iguana resists with some effort.
The iguana bites you!
Ouch! That really hurt!
* * * LOW HITPOINT WARNING * * *
Unknown command.
Casting: Ensorcelled Hibernation (safe; 12% risk of failure)
Confirm with . or Enter, or press ? or * to list all spells.
Aiming: Ensorcelled Hibernation (safe; 12% risk of failure)
Press: ? - help, Shift-Dir - straight line, f/p - iguana
Aim: an iguana (chance to defeat MR: 49%)
The iguana resists with some effort.
The iguana bites you!
Ouch! That really hurt!
You die...

,*,,,,*,,,,,,,,,,,,,,,*,***,,,,,,
,*,,,,*,*######**.......**,,,,**,
,*,,,,*,*......,........#*,,,****
**,,,,*,*......,#........,,,**,,,
*,,,***,*......##......#...,,,,,,
,,,,,,,,*..(....#$.........*,,,,,
,********,,............#.#.,,,,,,
,,,,,,,,,*,,,#...l..#......*,,,,,
,**,,,,,,**,*#..@...#..#.#.*,,,,,
,,,,,,****,,,#.............*,,,,,
,,**,,,,<,.......#.........,,,,,,
,,,,,,***#.....####....#..**,,,,,
,,,,,,* #.....####...##****,,,,,
,,,,,,***#.....#.......###*,,,.,,
,,,,,,**,.........##.....###...**
,,,,,,**,#######.#*#..##.....#***
*,,,,,,,,,,,,,...,*#...?..#.,** *


You could see an iguana.

Vanquished Creatures
  An ooze (D:1)
  A ball python (D:1)
  2 giant cockroaches (D:1)
  2 goblins (D:1)
  3 hobgoblins (D:1)
  6 jackals (D:1)
  4 bats (D:1)
  A frilled lizard (D:1)
  A jackal skeleton (D:4)
  A rat (D:1)
22 creatures vanquished.

Notes
Turn   | Place    | Note
-------+----------+-------------------------------------------
     0 | D:1      | Monsterracer the Spriggan Enchanter began the quest for the
                  | Orb.
     0 | D:1      | Reached XP level 1. HP: 9/9 MP: 5/5
   391 | D:1      | Reached XP level 2. HP: 13/13 MP: 7/7
   406 | D:1      | Learned a level 2 spell: Ensorcelled Hibernation
   550 | D:1      | HP: 6/13 [jackal (1)]
  1182 | D:1      | Reached XP level 3. HP: 16/16 MP: 8/8
  1304 | D:2      | You fall into a shaft and drop 2 floors!
  1328 | D:4      | HP: 3/16 [iguana (13)]
  1329 | D:4      | Mangled by an iguana

Levels and vault maps discovered:
D:1:      wander_arrival_peaceful_grave, layout_loops_corners,
          serial_bayou_lake_a
D:2:      layout_basic, nicolae_overflow_crystal_walls, first_ration,
          grunt_ministairs_2, uniq_natasha, uniq_crazy_yiuf_cottage
D:4:      layout_cave_pools, serial_co_window_serial, co_window_paths_a,
          co_window_corner_a, co_window_paths_a, co_window_paths_a,
          co_window_corner_a, co_window_paths_b, co_window_corner_a,
          co_window_paths_b, co_window_corner_a, co_window_corner_ca,
          co_window_cross_3, co_window_corner_b, co_window_corner_cb,
          co_window_corner_b, co_window_corner_cb, glass_columns_a,
          glass_columns_a, glass_columns_a, glass_columns_b, minmay_checkerbox

Skill      XL: |  1  2 |
---------------+-------+-----
Spellcasting   | 3 |  3.3
Short Blades   | 2 |  2.0
Dodging        | |  3.0
Stealth        | |  4.9
Hexes          | |  3.9

Action                   || total
-------------------------++-------
Melee: Dagger            ||   106
 Cast: Corona            ||     3
       Ensorcelled Hiber ||     3
  Use: Scroll            ||     7
 Stab: Sleeping          ||     9
Armor: Robe              ||    12
Dodge: Dodged            ||    77
